← All builds
Geo sea / Legion / Economy first / OBSERVED BUILD

Standard geo sea

Baseline cove-side sea play: bot lab then shipyard in the cove around 3:06, first Syracusia by 5:04, geothermal on time around 7:42 and an Advanced Metal Extractor to build up eco, transitioning into more Syracusia and Argonaut over the…

Usually shipyard in the cove (95%) · geo on time (90%)

#naval #eco · 20 distinct matches · 10 players · 40% of Legion Geo sea games · team won 45% of 20 · Recently observed

HOW TO PLAY IT

Key timing: First Syracusia by 5:18

  1. Take 3 mex and open into wind while starting the bot lab.
  2. Rush the bot lab finish for early defense on the coast.
  3. Get the shipyard up to start frigate production.
  4. Push the first Syracusia frigate out for sea control.
  5. Layer geothermal and advanced mex, then keep feeding the Syracusia navy.

Phase by phase

TYPICAL OF ITS 20 GAMES · AGAINST STANDARD GEO SEA
  1. 1
  2. 2
  3. 3
  4. 4
PLAY THE OPENING

Follow the example game's first 6:00 step by step: what to build now, what comes next, and where it goes. At 1× it keeps pace with your own game.

  1. 1

    Up to the Legion Bot Lab

    Economy
    • Metal Extractor3Mex
    Order
    1. Legion Bot LabLegion Bot Lab after 3 mexdone ~1:07, middle half 1:04–1:13

    Some games also: wind (50%) · solar (45%) · wind for allies (30%)

    The standard build makes here, this one skips: 3 wind

    By 0:50 in all: 3 mex

    The example game in this phase · 5 steps
    1. Mex ×3
    2. Wind ×5
    3. Energy storage
    4. Wind
    5. Legion Bot LabLegion Bot Labdone 1:44 · typical 1:07
  2. 2

    Legion Bot Lab to Shipyard

    Economy
    • Metal Extractor1Mex
    Order
    1. ShipyardShipyard after 4 mex, 4 wind, 1 solardone ~3:06, middle half 2:36–3:52
    Builders
    • Zagreus3 Zagreus
    • Legion Construction Bot3 Legion Construction Bot

    Some games also: wind (50%) · con turret (40%) · Goblin (35%) · energy storage (30%) · Toxotai (30%)

    The standard build makes here, this one skips: 3 wind · 2 Toxotai

    By 2:38 in all: 4 mex · 4 wind · 1 solar

    The example game in this phase · 11 steps
    1. Legion Construction BotLegion Construction Bot
    2. ZagreusZagreus ×2
    3. Legion Construction BotLegion Construction Bot
    4. Mex
    5. Legion Construction BotLegion Construction Bot
    6. ToxotaiToxotai
    7. ZagreusZagreus
    8. Mex
    9. ZagreusZagreus
    10. Con turret
    11. ShipyardShipyarddone 3:48 · typical 3:06
  3. 3

    Shipyard to 5:00

    Economy
    • Metal Extractor4Mex
    • Wind Turbine2Wind
    Builders
    • Construction Ship1 Con ship
    Army
    • Pharos1 Pharos
    • Argonaut2 Argonaut
    • Syracusia1 Syracusia

    Some games also: converter (50%) · con turret (45%) · Radar Tower (45%) · Legion Drone (40%) · Hippocampus (40%)

    The standard build makes here, this one skips: 2 converter · 2 Radar Tower

    By 5:00 in all: 8 mex · 4 wind (standard 9) · 1 solar · 1 energy storage · 1 con turret

    The example game in this phase · 15 steps
    1. Mex
    2. SyracusiaSyracusiadone 4:14 · typical 5:06
    3. Converter
    4. Wind
    5. Legion DroneLegion Drone
    6. Construction ShipCon ship
    7. Wind
    8. ArgonautArgonaut
    9. Mex
    10. Converter
    11. Legion DroneLegion Drone
    12. SyracusiaSyracusia
    13. Wind
    14. Converter
    15. Mex
  4. 4

    5:00 to 10:00

    Economy
    • Metal Extractor1Mex−2 vs standard
    • Wind Turbine15Wind+4 vs standard
    • Energy Converter3Converter+3 vs standard
    • Energy Storage1Energy storage
    Order
    1. Geothermal PowerplantGeo after 9 mex, 10 wind, 3 converter
    Builders
    • Construction Turret2 Con turret
    • Dionysus1 Dionysus
    Army
    • Pharos1 Pharos −3 vs standard
    • Legion Drone10 Legion Drone

    Some games also: con ship (45%) · Stheno (30%) · Hippocampus (30%)

    The standard build makes here, this one skips: 2 Bramble

    By 10:00 in all: 9 mex · 19 wind · 1 solar · 1 geo · 5 converter · 1 energy storage

    The example game in this phase · 144 steps
    1. Wind
    2. Geothermal PowerplantGeodone 7:59 · typical 7:51
    3. Converter
    4. Legion DroneLegion Drone
    5. Wind
    6. Converter
    7. Wind
    8. Legion DroneLegion Drone
    9. Wind
    10. Converter
    11. Legion DroneLegion Drone
    12. Naval Radar / Sonar TowerNaval Radar / Sonar Tower
    13. Wind
    14. Converter
    15. Wind
    16. Naval Radar / Sonar TowerNaval Radar / Sonar Tower
    17. SyracusiaSyracusia
    18. Converter
    19. Wind
    20. Legion DroneLegion Drone
    21. Wind
    22. SyracusiaSyracusia
    23. Converter
    24. Wind
    25. Legion DroneLegion Drone
    26. Advanced Metal ExtractorT2 mexdone 8:05 · typical 9:11
    27. Wind
    28. Converter
    29. Legion DroneLegion Drone
    30. Wind
    31. Converter
    32. Wind
    33. Legion DroneLegion Drone ×3
    34. Converter
    35. Wind
    36. Advanced Metal ExtractorT2 mex
    37. Converter
    38. Wind
    39. Legion DroneLegion Drone ×2
    40. Wind
    41. Converter
    42. Legion DroneLegion Drone
    43. DionysusDionysus
    44. Wind
    45. Advanced Metal ExtractorT2 mex
    46. Legion DroneLegion Drone ×3
    47. DionysusDionysus
    48. Wind ×2
    49. Legion DroneLegion Drone
    50. Converter
    51. Legion DroneLegion Drone
    52. DionysusDionysus
    53. Legion DroneLegion Drone
    54. Wind
    55. Legion DroneLegion Drone
    56. Wind
    57. Legion DroneLegion Drone
    58. Wind
    59. Legion DroneLegion Drone ×2
    60. Naval Radar / Sonar TowerNaval Radar / Sonar Tower
    61. Legion DroneLegion Drone
    62. Wind
    63. Converter
    64. Advanced Metal ExtractorT2 mex
    65. Wind
    66. SyracusiaSyracusia
    67. Con turret
    68. UrchinUrchin
    69. Con turret
    70. Legion DroneLegion Drone
    71. SlingshotSlingshot
    72. Naval Radar / Sonar TowerNaval Radar / Sonar Tower
    73. Wind
    74. Legion DroneLegion Drone ×3
    75. Con turret ×2
    76. SyracusiaSyracusia
    77. RiptideFrigatedone 10:39
    78. Advanced Metal ExtractorT2 mex
    79. Legion DroneLegion Drone ×3
    80. Wind
    81. IapetusIapetus
    82. Wind
    83. IapetusIapetus
    84. Wind
    85. Naval Radar / Sonar TowerNaval Radar / Sonar Tower
    86. SyracusiaSyracusia
    87. Wind
    88. Legion DroneLegion Drone ×2
    89. Wind
    90. SyracusiaSyracusia
    91. Advanced Metal ExtractorT2 mex
    92. Wind
    93. Legion DroneLegion Drone ×3
    94. Naval Radar / Sonar TowerNaval Radar / Sonar Tower
    95. Wind
    96. ArgonautArgonaut
    97. Legion DroneLegion Drone
    98. Wind
    99. ArgonautArgonaut
    100. Wind
    101. Legion DroneLegion Drone
    102. Wind
    103. ArgonautArgonaut
    104. Legion DroneLegion Drone
    105. Wind
    106. SyracusiaSyracusia
    107. Wind
    108. Legion DroneLegion Drone
    109. Wind
    110. Legion DroneLegion Drone
    111. Wind ×3
    112. Legion DroneLegion Drone
    113. DionysusDionysus ×2
    114. Legion DroneLegion Drone
    115. DionysusDionysus
    116. Con turret
    117. UrchinUrchin
    118. Con turret
    119. DionysusDionysus ×3
    120. Legion DroneLegion Drone ×2
    121. SyracusiaSyracusia
    122. Legion DroneLegion Drone ×3
    123. Construction ShipCon ship
    124. Advanced Geothermal PowerplantAdvanced Geothermal Powerplantnot finished by 15:00
    125. OcteresOcteresdone 13:56
    126. Legion DroneLegion Drone
    127. Tidal
    128. Legion DroneLegion Drone
    129. Tidal
    130. OcteresOcteres
    131. Naval Construction Turret
    132. RiptideFrigate
    133. Energy storage
    134. HerringMissile corvette
    135. Energy storage
    136. Construction ShipCon ship
    137. Energy storage
    138. RiptideFrigate
    139. Tidal ×2
    140. OppressorDestroyerdone 14:28
    141. Tidal ×3
    142. Mex
    143. OppressorDestroyer
    144. Tidal ×3

Counts are medians over the build's games: half of them build more, half fewer. The example game is Rysica's (39 OS, 12/09/2026); pick another.

Team trades

IN AT LEAST 30% OF ITS GAMES

You hand over

  • Wind Turbine2 Wind to Airfirst at 1:38 · in 60% of games

You get

  • Finch1 Finch from Airfirst at 1:47 · in 45% of games
  • Hercules1 Light transport from Airfirst at 2:10 · in 30% of games
  • Advanced Construction Bot1 T2 con bot from Techfirst at 7:32 · in 70% of games

How it plays out

Typical game of this build, running totals by minute

Metal produced

010k20k30k
0:005:0010:0015:00

metal

Enemy metal destroyed

05k10k
0:005:0010:0015:00

metal

Own metal lost

02k4k
0:005:0010:0015:00

metal

20 games.

Show as table
ByMetal produced: This buildEnemy metal destroyed: This buildOwn metal lost: This build
1:0039700
2:0092800
3:00162100
4:0028335251
5:00399518362
6:005325565124
7:006791603176
8:0082851412345
9:00102131702419
10:00122262348918
11:001452333851656
12:001734337762213
13:002005253902343
14:002349770313351
15:002767597993665
WHAT THE NUMBERS SAY

Standard geo sea sits near an even split on wins while destroying more metal than it loses by 15:00, typical for a contested sea role.

  • + Enemy metal destroyed reaches 7775 by 15:00 against 4863 lost.
  • + Syracusia dominates army composition at 43%, showing a clear naval focus.
  • − Team win rate is only 47%, essentially a coin flip.
  • − T2 factory only completes in 32% of games, so tech transition often stalls.
THE EXAMPLE YOU ARE READING

Rysica

39.1 OS · 12/09/2026

Open source match ↗

1 received units · includes a constructor
612 metal received · 186887 energy received

Allied construction assistance is unknown. Timings are observations, not a promise of solo reproducibility.

Typical milestones

Legion Bot Lab1:07Middle 50%: 1:04–1:13 · n=20
Shipyard3:06Middle 50%: 2:36–3:52 · n=20
Syracusia5:06Middle 50%: 4:36–5:55 · n=20
Geothermal Powerplant7:51Middle 50%: 6:58–10:12 · n=20
Advanced Metal Extractor9:11Middle 50%: 8:42–9:28 · n=13

Played most by

KingBenjai8games of this buildHighlyRegarded2games of this buildPRO_Rerory2games of this buildRysica2games of this buildarmjanus1game of this build